[Event "Titled Tuesday Blitz August 1 Late 2023"]
[White "Kochiev, Ivan"]
[Black "slidingknight2775"]
[WhiteFideId "2917890"]
[WhiteElo "2554"]
[BlackElo "2460"]
[Result "1-0"]
[Round "8"]
[TimeControl "180+1"]
[Date "2023.08.01"]
[WhiteClock "0:00:47"]
[BlackClock "0:00:02"]
[Board "60"]

1. e4 c6 2. d4 d5 3. Nc3 dxe4 4. Nxe4 Nf6 5. Nxf6+ exf6 6. c3 Bd6 7. Bd3 O-O 8. Ne2 Re8 9. O-O Nd7 10. Ng3 Nf8 11. f4 Qc7 12. f5 c5 13. Nh5 Bxh2+ 14. Kh1 Bd6 15. Bh6 Bxf5 16. Bxf5 Ne6 17. Qg4 Ng5 18. Bxg5 fxg5 19. Qxg5 g6 20. Nf6+ Kg7 21. Nxe8+ Rxe8 22. Bd3 cxd4 23. cxd4 Re6 24. Rae1 Rxe1 25. Qf6+ Kg8 26. Rxe1 Bf8 27. d5 Qg3 28. Rf1 Bd6 29. Qxf7+ Kh8 30. Qe8+ Kg7 31. Qd7+ Kh8 32. Qh3 Qe5 33. Bxg6 h6 34. Qxh6+ Kg8 35. Bf7# 1-0


[Site "https://www.chess.com"]

[Event "Titled Tuesday Blitz August 1 Late 2023"]
[White "Vega Gutierrez, Sabrina"]
[Black "Graif, William"]
[WhiteFideId "2219026"]
[BlackFideId "2609835"]
[WhiteElo "2441"]
[BlackElo "2552"]
[Result "0-1"]
[Round "8"]
[TimeControl "180+1"]
[Date "2023.08.01"]
[WhiteClock "0:00:00"]
[BlackClock "0:00:21"]
[Board "61"]

1. e4 e5 2. Nf3 Bc5 3. Bc4 Nf6 4. d3 Nc6 5. c3 d6 6. b4 Bb6 7. O-O Ne7 8. Bg5 Ng6 9. Nh4 h6 10. Nxg6 fxg6 11. Be3 Bg4 12. Qb3 Qd7 13. a4 Rf8 14. Bxb6 axb6 15. f3 Bh5 16. Nd2 g5 17. b5 Bf7 18. Ra2 Nh5 19. Rfa1 Nf4 20. Nf1 Nxd3 21. a5 Nc5 22. Bxf7+ Rxf7 23. Qc4 Rc8 24. a6 bxa6 25. bxa6 Ra8 26. a7 Qc6 27. Ne3 Kf8 28. Nf5 b5 29. Qe2 Qb6 30. Kh1 Na4 31. c4 Nc3 32. Qd2 Nxa2 33. Qxa2 b4 34. c5 dxc5 35. Qd5 c6 36. Qd6+ Kg8 37. Ne7+ Rxe7 38. Qxe7 b3 39. Rd1 b2 40. Rb1 Rxa7 41. Qe8+ Kh7 42. Qxe5 Ra1 43. Qf5+ Kg8 44. Qc8+ Kh7 45. Qf5+ Kg8 46. Qc8+ Kf7 47. Qd7+ Kf8 48. Qd6+ Ke8 49. Qe6+ Kd8 50. Qg8+ Kc7 51. Qxg7+ Kb8 52. Qf8+ Kb7 53. Qg7+ Ka6 54. Rxa1+ bxa1=Q+ 55. Qxa1+ Qa5 56. Qf1+ Qb5 57. Qa1+ Kb6 58. h4 c4 59. hxg5 Qxg5 60. Qd4+ Qc5 61. Qb2+ Qb5 62. Qd4+ Qc5 63. Qb2+ Kc7 64. Qg7+ Kc8 65. Qg8+ Kb7 66. Qg7+ Ka6 67. Qa1+ Qa5 68. Qf6 Qh5+ 69. Kg1 Qc5+ 70. Kh1 c3 0-1


[Site "https://www.chess.com"]

[Event "Titled Tuesday Blitz August 1 Late 2023"]
[White "Golubev, Mikhail"]
[Black "Kazakov, Mikhail"]
[WhiteFideId "14100983"]
[BlackFideId "14102749"]
[WhiteElo "2547"]
[BlackElo "2442"]
[Result "1/2-1/2"]
[Round "8"]
[TimeControl "180+1"]
[Date "2023.08.01"]
[WhiteClock "0:00:06"]
[BlackClock "0:00:07"]
[Board "62"]

1. e4 e5 2. Nf3 Nc6 3. Bc4 Nf6 4. Ng5 d5 5. exd5 Na5 6. Bb5+ c6 7. dxc6 bxc6 8. Bd3 Nd5 9. Nf3 Bd6 10. O-O Nf4 11. Re1 Nxd3 12. cxd3 O-O 13. Nc3 f6 14. b3 Bc5 15. d4 Bxd4 16. Ba3 Re8 17. Nxd4 Qxd4 18. Rc1 Ba6 19. Ne4 Rad8 20. Bc5 Qd7 21. Rc3 Re6 22. Rh3 Bd3 23. Bb4 Nb7 24. Qh5 g6 25. Qf3 Bxe4 26. Qxe4 Qd4 27. Qxd4 Rxd4 28. Bc3 Rd5 29. Rhe3 Nd6 30. f4 e4 31. d3 f5 32. Bb4 Kf7 33. Bxd6 Rdxd6 34. dxe4 fxe4 35. Rxe4 Rxe4 36. Rxe4 Rd1+ 37. Kf2 Rd2+ 38. Re2 Rd4 39. g3 a5 40. Ke3 Rb4 41. Rc2 a4 42. bxa4 Rxa4 43. h4 Ra3+ 44. Kf2 c5 45. g4 h5 46. gxh5 gxh5 47. Rxc5 Kg6 48. Rc6+ Kf5 49. Rc5+ Kg4 50. Rg5+ Kxh4 51. Rg7 Rxa2+ 52. Ke3 Ra3+ 53. Ke4 Ra4+ 54. Ke5 Ra5+ 55. Ke4 Ra4+ 56. Ke5 Ra5+ 57. Ke4 Ra4+ 1/2-1/2


[Site "https://www.chess.com"]

[Event "Titled Tuesday Blitz August 1 Late 2023"]
[White "Prado Lobo, Jonas"]
[Black "Kielinkei"]
[WhiteFideId "32050666"]
[WhiteElo "2542"]
[BlackElo "2431"]
[Result "0-1"]
[Round "8"]
[TimeControl "180+1"]
[Date "2023.08.01"]
[WhiteClock "0:01:48"]
[BlackClock "0:01:55"]
[Board "63"]

1. e4 c5 2. Nf3 e6 3. c4 Nc6 4. Nc3 Nd4 5. d3 Ne7 6. Nxd4 cxd4 7. Ne2 Nc6 8. f4 d5 9. cxd5 exd5 10. e5 f6 11. g3 fxe5 12. fxe5 Nxe5 13. Bg2 Bb4+ 14. Kf1 O-O+ 15. Bf4 g5 16. Qb3 gxf4 17. Nxf4 Bd2 18. Bxd5+ Kh8 19. Ke2 Bxf4 20. gxf4 Rxf4 21. Rhg1 Bg4+ 22. Kd2 Rf2+ 23. Ke1 Re2+ 0-1


[Site "https://www.chess.com"]

[Event "Titled Tuesday Blitz August 1 Late 2023"]
[White "Berezin, Viktor"]
[Black "Pesotskiy, Mikhail"]
[WhiteFideId "14107872"]
[BlackFideId "34164453"]
[WhiteElo "2539"]
[BlackElo "2424"]
[Result "0-1"]
[Round "8"]
[TimeControl "180+1"]
[Date "2023.08.01"]
[WhiteClock "0:00:55"]
[BlackClock "0:00:35"]
[Board "64"]

1. d4 Nf6 2. Nf3 c5 3. d5 b5 4. c4 Qa5+ 5. Bd2 b4 6. a3 g6 7. Qc2 Bg7 8. e4 d6 9. e5 dxe5 10. Nxe5 O-O 11. Nf3 Bf5 12. Bd3 e6 13. Bxf5 exf5 14. O-O Nbd7 15. Ra2 Ne4 16. Be1 Qb6 17. axb4 cxb4 18. b3 a5 19. Nfd2 Ndc5 20. Nxe4 fxe4 21. Bd2 a4 22. Be3 axb3 23. Qxb3 Nxb3 24. Rxa8 Bd4 25. Rxf8+ Kxf8 26. Bh6+ Ke8 0-1


[Site "https://www.chess.com"]

[Event "Titled Tuesday Blitz August 1 Late 2023"]
[White "Chor, Kevin"]
[Black "Mike24147"]
[WhiteFideId "2090740"]
[WhiteElo "2529"]
[BlackElo "2402"]
[Result "0-1"]
[Round "8"]
[TimeControl "180+1"]
[Date "2023.08.01"]
[WhiteClock "0:00:04"]
[BlackClock "0:00:47"]
[Board "66"]

1. e4 c5 2. Nf3 e6 3. d4 cxd4 4. Nxd4 Nf6 5. Nc3 Nc6 6. Be2 Bb4 7. O-O Bxc3 8. bxc3 Nxe4 9. Qd3 d5 10. Ba3 Nd6 11. Qg3 Nxd4 12. cxd4 Nf5 13. Qc3 Ne7 14. Qc5 b6 15. Qb4 Bd7 16. Rab1 Rb8 17. c4 a5 18. Qd6 Nf5 19. Qe5 f6 20. Qf4 Kf7 21. cxd5 exd5 22. Bd3 g5 23. Qg4 h5 24. Qf3 Nxd4 25. Qxd5+ Be6 26. Qe4 Bf5 27. Qe3 Re8 28. Bc4+ Kg7 29. Qg3 Bxb1 30. Rxb1 Rc8 31. Bf1 Ne2+ 32. Bxe2 Rxe2 33. h4 Qc7 34. Bd6 Qc3 35. f3 Qd4+ 36. Kh2 Qxh4+ 37. Qxh4 gxh4 38. Rxb6 Re6 39. Rb7+ Kg6 40. f4 Rxd6 0-1


[Site "https://www.chess.com"]

[Event "Titled Tuesday Blitz August 1 Late 2023"]
[White "Estrada Nieto, Julian"]
[Black "Bueno, Alfeu Junior Varela"]
[WhiteFideId "5101018"]
[BlackFideId "2108879"]
[WhiteElo "2527"]
[BlackElo "2398"]
[Result "1/2-1/2"]
[Round "8"]
[TimeControl "180+1"]
[Date "2023.08.01"]
[WhiteClock "0:00:25"]
[BlackClock "0:00:03"]
[Board "67"]

1. e4 e6 2. d4 d5 3. Nd2 Nf6 4. e5 Nfd7 5. Bd3 c5 6. c3 Nc6 7. Ne2 cxd4 8. cxd4 f6 9. exf6 Nxf6 10. Nf3 Bd6 11. O-O Qc7 12. Bg5 O-O 13. Bh4 Nh5 14. Qc2 h6 15. Bg3 Nxg3 16. hxg3 a6 17. Rac1 Bd7 18. a3 Be8 19. Bh7+ Kh8 20. Bg6 Qe7 21. Nh4 Qf6 22. Bxe8 Rfxe8 23. Rcd1 Rac8 24. Qd3 Na5 25. f4 Nc4 26. Rb1 Bb8 27. Ng6+ Kg8 28. Ne5 Ba7 29. Kh2 Rc7 30. a4 Rec8 31. b3 Nd6 32. Rbc1 Nf5 33. Rxc7 Rxc7 34. Rd1 Qe7 35. Nf3 Qb4 36. g4 Nd6 37. Rc1 Rxc1 38. Nxc1 Ne4 39. Qc2 Bxd4 40. Nd3 Qc3 41. Nxd4 Qxd4 42. Qc8+ Kh7 43. Ne5 Nf6 44. Qxe6 Qxf4+ 45. Kh1 Qc1+ 46. Kh2 Qf4+ 47. Kg1 Qc1+ 48. Kh2 Qf4+ 1/2-1/2


[Site "https://www.chess.com"]

[Event "Titled Tuesday Blitz August 1 Late 2023"]
[White "Crispin Ferreras, Darvi Abraham"]
[Black "Kanakaris, Georgios"]
[WhiteFideId "6402771"]
[BlackFideId "4209460"]
[WhiteElo "2368"]
[BlackElo "2518"]
[Result "0-1"]
[Round "8"]
[TimeControl "180+1"]
[Date "2023.08.01"]
[WhiteClock "0:00:18"]
[BlackClock "0:00:11"]
[Board "68"]

1. e4 d5 2. exd5 Nf6 3. Nc3 Nxd5 4. Nf3 Nc6 5. Bb5 Bg4 6. h3 Bh5 7. O-O Nxc3 8. bxc3 Qd6 9. d4 a6 10. Bd3 e6 11. a4 Be7 12. Ba3 Qd5 13. Be2 Bxa3 14. Rxa3 O-O 15. Rb3 b6 16. Re1 Rfd8 17. Nd2 Bxe2 18. Qxe2 Na5 19. Rbb1 Qc6 20. Ne4 Qxa4 21. Ng5 Qe8 22. Qh5 h6 23. Ne4 f5 24. Ng3 Qxh5 25. Nxh5 Rd6 26. Nf4 Kf7 27. Re2 Nc4 28. Rbe1 Re8 29. h4 g6 30. g3 a5 31. Kg2 b5 32. Rb1 c6 33. Rbe1 a4 34. Rb1 a3 35. Ra1 g5 36. Nd3 gxh4 37. gxh4 Rg8+ 38. Kf3 Kf6 39. Nf4 Rg4 40. Rae1 a2 41. Rxe6+ Rxe6 42. Rxe6+ Kf7 43. Re1 Nd2+ 44. Ke3 Nb1 45. Nd3 a1=Q 46. Ne5+ Kg8 47. Nxg4 fxg4 48. Kf4 Qxc3 49. Re4 Qd2+ 50. Kxg4 Qxf2 51. Rf4 Qg2+ 52. Kf5 Kg7 53. Rg4+ Qxg4+ 54. Kxg4 Nc3 55. Kf5 Ne2 56. Ke5 Kg6 57. c3 Nxc3 58. Kd6 Ne2 59. Kxc6 Nxd4+ 60. Kc5 Nf5 61. Kxb5 Nxh4 62. Kc4 Kg5 63. Kd3 Kg4 64. Ke2 Kg3 65. Kf1 Nf3 66. Ke2 h5 67. Kf1 h4 68. Ke2 h3 0-1


[Site "https://www.chess.com"]

[Event "Titled Tuesday Blitz August 1 Late 2023"]
[White "Hambleton, Aman"]
[Black "Mushini Ajay"]
[WhiteFideId "2606577"]
[BlackFideId "35066188"]
[WhiteElo "2783"]
[BlackElo "2397"]
[Result "1/2-1/2"]
[Round "8"]
[TimeControl "180+1"]
[Date "2023.08.01"]
[WhiteClock "0:00:44"]
[BlackClock "0:00:57"]
[Board "69"]

1. e4 c5 2. Nf3 d6 3. Nc3 Nf6 4. Bc4 Nc6 5. d3 e6 6. a3 d5 7. Ba2 dxe4 8. Nxe4 Nxe4 9. dxe4 Qxd1+ 10. Kxd1 b6 11. Be3 Bb7 12. c3 Be7 13. Kc2 O-O-O 14. Rad1 Rxd1 15. Rxd1 Rd8 16. Rxd8+ Kxd8 17. Nd2 Ne5 18. f3 Kd7 19. Nc4 Nxc4 20. Bxc4 Bd6 21. g3 f5 22. Kd3 fxe4+ 23. fxe4 Be5 24. a4 Bc6 25. Bb5 a6 26. Bxc6+ Kxc6 27. b3 b5 28. c4 bxa4 29. bxa4 Kb6 30. Bd2 Kc6 31. Ke3 Kd6 32. Kf3 Bd4 33. Ba5 Bf6 34. Bd2 Bd4 35. h3 Ke5 36. Bf4+ Kf6 37. Bd6 e5 38. Bc7 Ke6 39. Kg4 Kf6 40. Bd8+ Kg6 41. Bc7 Bc3 42. Bd6 Bd4 43. Bb8 h5+ 44. Kf3 Kf6 45. Bc7 g5 46. Bd8+ Kg6 47. g4 h4 48. Be7 Kh6 49. Ke2 Kg6 50. Kd3 Kh6 51. Kc2 Kg6 52. Kb3 Kh6 53. Bd8 Kg6 54. Bb6 Kf6 55. Ba5 Kg6 56. Kc2 Kf6 57. Kd1 Kg6 58. Ke2 Kf6 59. Bd2 Kg6 60. Kf3 Kf6 61. Be1 Kg6 62. Ke2 Kf6 63. Bd2 Kg6 64. Kd1 Kf6 65. Kc2 Kg6 66. Kb3 Kf6 67. Be1 Kg6 68. Ba5 Kf6 69. Bc7 Kg6 70. Bd8 Kh6 71. Be7 Kg6 72. Bf8 Kf6 73. Ka2 Kf7 74. Bd6 Ke6 75. Bc7 Kd7 76. Bb6 Ke6 77. Bd8 Be3 78. Kb3 Kf7 79. Bc7 Kf6 80. Bd8+ Kg6 81. Bb6 Bd4 82. Kc2 Kh6 83. Ba7 Kg6 84. a5 Kf6 85. Bb6 Kg6 86. Kd1 Kh6 87. Ke2 Kg6 88. Bc7 Kh6 89. Kf3 Kg6 90. Kg2 Kf6 91. Kf1 Kg6 92. Ke1 Kf6 93. Kd1 Kg6 94. Kc1 Kf6 95. Kb1 Kg6 96. Kc2 Kf7 97. Kd2 Ke7 98. Bb6 Kd7 99. Kd3 Kc8 100. Ke2 Kd7 101. Ke1 Kc8 102. Kf1 Kd7 103. Kg2 Kc8 104. Kf3 Kd7 105. Ke2 Kc8 106. Kd1 Kd7 107. Kc1 Kc8 108. Kc2 Kd7 109. Kb3 Kc8 110. Ka3 Kd7 111. Ka4 Kc8 112. Ba7 Kb7 113. Bb6 Kc8 114. Ka3 Kd7 115. Ka2 Kc8 116. Kb1 Kd7 117. Kc2 Kc8 118. Kd3 Kd7 119. Kc2 Kc8 120. Kd3 Kd7 121. Kc2 1/2-1/2


[Site "https://www.chess.com"]

[Event "Titled Tuesday Blitz August 1 Late 2023"]
[White "CatLivesMatter"]
[Black "Fiorito, Joaquin"]
[BlackFideId "180173"]
[WhiteElo "2448"]
[BlackElo "2671"]
[Result "0-1"]
[Round "8"]
[TimeControl "180+1"]
[Date "2023.08.01"]
[WhiteClock "0:00:10"]
[BlackClock "0:00:08"]
[Board "70"]

1. g4 d5 2. Bg2 c6 3. c4 e6 4. cxd5 exd5 5. Nc3 Bxg4 6. Qb3 Bc8 7. d4 Nf6 8. Bg5 Be7 9. Nf3 O-O 10. h4 Ne4 11. Qc2 Bf5 12. Nxe4 Bxe4 13. Qc3 Bxg5 14. hxg5 Nd7 15. O-O-O Bxf3 16. Bxf3 Qxg5+ 17. e3 h6 18. Rdg1 Qf6 19. Bg4 Nb6 20. f4 c5 21. dxc5 Qxc3+ 22. bxc3 Na4 23. Bf3 Nxc3 24. Rxh6 Rac8 25. Kb2 Rxc5 26. f5 f6 27. Rh4 Re8 28. Rgh1 Kf8 29. Rh7 Rxe3 30. Bh5 Na4+ 31. Ka1 Rec3 32. Kb1 Ke7 33. Rxg7+ Kd6 34. Rxb7 Re3 35. Rxa7 Nc3+ 36. Ka1 Rb5 37. Rc1 d4 38. a4 Rb3 39. Bf7 Rb4 40. Ra6+ Kc5 41. a5 Re2 42. Rxc3+ dxc3 43. Ra8 Ra4+ 44. Kb1 c2+ 45. Kb2 Rb4+ 46. Kc1 Rb1# 0-1


[Site "https://www.chess.com"]

[Event "Titled Tuesday Blitz August 1 Late 2023"]
[White "Womacka, Mathias"]
[Black "Arnold, Ken"]
[WhiteFideId "4611390"]
[BlackFideId "2056836"]
[WhiteElo "2534"]
[BlackElo "2435"]
[Result "1-0"]
[Round "8"]
[TimeControl "180+1"]
[Date "2023.08.01"]
[WhiteClock "0:01:04"]
[BlackClock "0:00:43"]
[Board "71"]

1. e4 c6 2. d4 d5 3. Nd2 dxe4 4. Nxe4 Bf5 5. Ng3 Bg6 6. h4 h6 7. Nf3 Nd7 8. h5 Bh7 9. Bd3 Bxd3 10. Qxd3 e6 11. Bd2 Bd6 12. Ne4 Bc7 13. O-O-O Ngf6 14. g4 Nxe4 15. Qxe4 Nf6 16. Qe2 Qd5 17. c4 Qe4 18. Qxe4 Nxe4 19. Be3 O-O-O 20. Ne5 Bxe5 21. dxe5 b6 22. Kc2 f6 23. exf6 Nxf6 24. f3 Rhf8 25. Bd4 c5 26. Bc3 Rf7 27. Rhe1 Rxd1 28. Kxd1 Nh7 29. Rxe6 Ng5 30. Rg6 Nxf3 31. Bxg7 Rd7+ 32. Ke2 Nd4+ 33. Bxd4 Rxd4 34. b3 Rf4 35. Ke3 Rd4 36. Kf3 Rd3+ 37. Kf4 Rd4+ 38. Kf5 1-0


[Site "https://www.chess.com"]

[Event "Titled Tuesday Blitz August 1 Late 2023"]
[White "Hirneise, Jens"]
[Black "Janaszak, Dawid"]
[WhiteFideId "24614734"]
[BlackFideId "1119206"]
[WhiteElo "2467"]
[BlackElo "2523"]
[Result "0-1"]
[Round "8"]
[TimeControl "180+1"]
[Date "2023.08.01"]
[WhiteClock "0:00:00"]
[BlackClock "0:01:22"]
[Board "72"]

1. d4 Nf6 2. c4 g6 3. Nc3 Bg7 4. g3 O-O 5. Bg2 d6 6. Nf3 Nbd7 7. O-O e5 8. e4 c6 9. h3 Qc7 10. Re1 Re8 11. d5 a5 12. Be3 cxd5 13. cxd5 Nc5 14. Rc1 Bd7 15. Qc2 a4 16. Nb1 b6 17. Na3 Qb7 18. Nd2 b5 19. Bxc5 Rec8 20. Qd3 Rxc5 21. Nab1 Rac8 22. Rxc5 Rxc5 23. b4 Rc7 24. Nf1 Qc8 25. Ne3 Bh6 26. Bf1 Ne8 27. h4 Rc1 28. Qd2 Rc7 29. Na3 Qb8 30. Rc1 Rb7 31. Qe2 f5 32. exf5 gxf5 33. Qh5 Bxe3 34. fxe3 Ng7 35. Qg5 Rc7 36. Rxc7 Qxc7 37. Nxb5 Qb6 38. Nc3 f4 39. gxf4 Qxe3+ 40. Kg2 Qxc3 41. Qd8+ Be8 42. Qxd6 Qd2+ 43. Kg3 Qxf4+ 44. Kg2 Qd2+ 45. Kg1 Qd4+ 46. Kg2 Qe4+ 47. Kg1 Qe3+ 48. Kg2 Bg6 49. Qd8+ Ne8 0-1


[Site "https://www.chess.com"]

[Event "Titled Tuesday Blitz August 1 Late 2023"]
[White "Papayan, Oleg"]
[Black "Haitin, Ilja"]
[WhiteFideId "4193911"]
[BlackFideId "4501764"]
[WhiteElo "2500"]
[BlackElo "2381"]
[Result "1/2-1/2"]
[Round "8"]
[TimeControl "180+1"]
[Date "2023.08.01"]
[WhiteClock "0:00:07"]
[BlackClock "0:00:07"]
[Board "73"]

1. e4 e6 2. d4 d5 3. Nc3 Be7 4. Nf3 Nf6 5. Bd3 c5 6. dxc5 dxe4 7. Nxe4 Nxe4 8. Bxe4 Qxd1+ 9. Kxd1 Bxc5 10. Ke2 Nd7 11. c3 Nf6 12. Bd3 b6 13. Bb5+ Ke7 14. Be3 Bxe3 15. Kxe3 Bb7 16. Rhd1 Rhd8 17. g3 a6 18. Ba4 b5 19. Bb3 Nd5+ 20. Ke2 f6 21. Nd4 g6 22. a4 e5 23. Nc2 Nc7 24. axb5 axb5 25. Nb4 f5 26. Rxd8 Kxd8 27. Rd1+ Ke7 28. Nd3 e4 29. Nf4 Ra6 30. h4 Rd6 31. Ra1 Kf6 32. Ra7 Rb6 33. Ke3 h6 34. Ne2 Ke5 35. Nd4 g5 36. hxg5 hxg5 37. Ra5 f4+ 38. gxf4+ gxf4+ 39. Kd2 Ra6 40. Rxa6 Bxa6 41. Nc6+ Kd6 42. Nb4 Bb7 43. Bc2 Ke5 44. Bd1 Nd5 45. Nc2 Bc6 46. Be2 Bd7 47. Nd4 Nc7 48. Nb3 Kd5 49. Nc1 Ke5 50. Na2 Kd5 51. Nb4+ Ke5 52. Nc2 Kd5 53. Na3 Ke5 54. b4 Kd5 55. Nc2 Ke5 56. Nd4 Kd5 57. Nb3 Ke5 58. Nc5 Bc6 59. Bf1 Nd5 60. Nb3 Nc7 61. Nd4 Bd7 62. Be2 Kd5 63. Nb3 Ke5 64. Na5 Kd5 65. Nb7 Ke5 66. Nc5 Bc6 67. c4 Kd4 68. cxb5 Bxb5 69. Ne6+ Nxe6 70. Bxb5 e3+ 71. fxe3+ fxe3+ 72. Ke1 Kc3 73. Bd7 Nd4 74. b5 Nxb5 75. Bxb5 Kd4 76. Be2 Kc5 77. Kf1 Kb6 78. Kg2 Kc5 79. Kf3 Kd4 80. Kf4 Kc5 81. Kxe3 1/2-1/2


[Site "https://www.chess.com"]

[Event "Titled Tuesday Blitz August 1 Late 2023"]
[White "Hacker, Jonas"]
[Black "Nanu, Costica-Ciprian"]
[WhiteFideId "1270968"]
[BlackFideId "1204580"]
[WhiteElo "2352"]
[BlackElo "2495"]
[Result "1-0"]
[Round "8"]
[TimeControl "180+1"]
[Date "2023.08.01"]
[WhiteClock "0:00:06"]
[BlackClock "0:00:15"]
[Board "74"]

1. c4 e5 2. Nc3 Nf6 3. Nf3 Nc6 4. e4 Bb4 5. d3 d6 6. a3 Bc5 7. b4 Bb6 8. Na4 Bd4 9. Nxd4 exd4 10. Be2 a6 11. Nb2 O-O 12. O-O h6 13. f4 Bd7 14. Bd2 Re8 15. Rc1 Ne7 16. c5 dxc5 17. Rxc5 b6 18. Rc1 Bb5 19. Nc4 Rc8 20. Ne5 Nd7 21. a4 Nxe5 22. axb5 Nd7 23. bxa6 c6 24. b5 Nc5 25. f5 f6 26. Rxc5 bxc5 27. Qb3+ Nd5 28. bxc6 Rxc6 29. Bf3 Rxa6 30. exd5 Kh8 31. Bf4 Qd7 32. Be4 Rea8 33. d6 Re8 34. Qd5 Ra5 35. Rb1 c4 36. Qxc4 Rxf5 37. Bxf5 Qxf5 38. Rf1 Kh7 39. Qxd4 Qd7 40. h3 Re6 41. Bg3 Qc6 42. Kh2 Re2 43. Rf2 Re1 44. Qf4 Qa6 45. Qf5+ Kg8 46. d7 Qb6 47. Qd5+ Kh7 48. d8=Q Qb1 49. Qf5+ 1-0


[Site "https://www.chess.com"]

[Event "Titled Tuesday Blitz August 1 Late 2023"]
[White "Ai, Evan"]
[Black "Toncheva, Nadya"]
[WhiteFideId "2094770"]
[BlackFideId "2924056"]
[WhiteElo "2333"]
[BlackElo "2479"]
[Result "0-1"]
[Round "8"]
[TimeControl "180+1"]
[Date "2023.08.01"]
[WhiteClock "0:01:32"]
[BlackClock "0:01:23"]
[Board "75"]

1. e4 c5 2. Nf3 Nc6 3. d4 cxd4 4. Nxd4 g6 5. c4 Bg7 6. Be3 Nf6 7. Nc3 O-O 8. Be2 d6 9. O-O Bd7 10. f4 Nxd4 11. Bxd4 Bc6 12. Bf3 a5 13. b3 Nd7 14. Bxg7 Kxg7 15. Qd4+ Kg8 16. Rad1 Qb6 17. Qxb6 Nxb6 18. Nd5 Bxd5 19. cxd5 a4 20. b4 a3 21. Rd3 Rfc8 22. Bd1 Nc4 23. Bb3 Nb2 24. Rd2 Rc3 25. Rf3 Rac8 26. Rxc3 Rxc3 27. Kf2 Nd3+ 28. Ke3 Nxb4+ 29. Kd4 Rxb3 30. axb3 a2 31. Rd1 Nc2+ 32. Kc3 a1=Q+ 33. Rxa1 Nxa1 34. Kb2 Nxb3 35. Kxb3 Kf8 36. Kb4 Ke8 37. Kb5 Kd7 38. Kb6 Kc8 39. g4 Kb8 40. h4 h5 41. g5 Kc8 42. f5 Kb8 43. f6 exf6 44. gxf6 Kc8 45. Kb5 Kd7 46. Kc4 g5 47. hxg5 h4 0-1


[Site "https://www.chess.com"]

[Event "Titled Tuesday Blitz August 1 Late 2023"]
[White "Djordjevic, Dejan N"]
[Black "i_like_explosions"]
[WhiteFideId "913316"]
[WhiteElo "2115"]
[BlackElo "2423"]
[Result "0-1"]
[Round "8"]
[TimeControl "180+1"]
[Date "2023.08.01"]
[WhiteClock "0:00:00"]
[BlackClock "0:00:04"]
[Board "76"]

1. e4 c5 2. Nc3 a6 3. g3 b5 4. Bg2 Bb7 5. Nge2 e6 6. d3 d5 7. exd5 exd5 8. d4 Nf6 9. Bg5 b4 10. Na4 c4 11. Nf4 Be7 12. Bxf6 Bxf6 13. Qe2+ Kf8 14. c3 a5 15. Nc5 Bc6 16. O-O Qd6 17. Rfe1 Nd7 18. Nxd7+ Qxd7 19. Qf3 Rd8 20. h4 Qd6 21. Nh5 Be7 22. Re5 g6 23. Nf4 Bf6 24. Re2 Kg7 25. Rae1 h6 26. Qg4 h5 27. Qf3 Rd7 28. Re3 Rb8 29. R1e2 a4 30. Re8 Rdd8 31. Rxd8 Rxd8 32. Qe3 a3 33. bxa3 bxc3 34. Qxc3 Ra8 35. Re5 Rxa3 36. Qe1 Bxe5 37. dxe5 Qd7 38. e6 fxe6 39. Nxe6+ Kh7 40. Qe5 Rd3 41. Nf8+ Kg8 42. Nxd7 Bxd7 43. Qe7 Bf5 44. Qe8+ Kg7 45. Qe5+ Kh6 46. Bxd5 c3 0-1


[Site "https://www.chess.com"]

[Event "Titled Tuesday Blitz August 1 Late 2023"]
[White "Haydon, David L"]
[Black "Vafin, Ayrat"]
[WhiteFideId "415405"]
[BlackFideId "4146530"]
[WhiteElo "2639"]
[BlackElo "2299"]
[Result "1-0"]
[Round "8"]
[TimeControl "180+1"]
[Date "2023.08.01"]
[WhiteClock "0:02:04"]
[BlackClock "0:00:08"]
[Board "77"]

1. e4 e5 2. Bc4 Nf6 3. d3 c6 4. Nc3 d5 5. exd5 cxd5 6. Bb3 Nc6 7. Nf3 h6 8. O-O Be7 9. h3 O-O 10. Re1 Qd6 11. Nxe5 Nxe5 12. Bf4 Be6 13. Bxe5 Qd7 14. Qf3 Rfd8 15. d4 b5 16. Ne2 Ne4 17. Nf4 Nd2 18. Qg3 g5 19. Nxe6 fxe6 20. Qd3 Ne4 21. Rxe4 dxe4 22. Qxe4 1-0


[Site "https://www.chess.com"]

[Event "Titled Tuesday Blitz August 1 Late 2023"]
[White "Araujo Sanchez, Josue"]
[Black "Uzcategui Rodriguez, Alejandro"]
[WhiteFideId "6416896"]
[BlackFideId "3903400"]
[WhiteElo "2608"]
[BlackElo "2392"]
[Result "1-0"]
[Round "8"]
[TimeControl "180+1"]
[Date "2023.08.01"]
[WhiteClock "0:00:26"]
[BlackClock "0:00:05"]
[Board "78"]

1. e4 e6 2. d4 d5 3. exd5 exd5 4. Nf3 Nc6 5. Bd3 Bg4 6. c3 Bd6 7. O-O Nge7 8. Nbd2 f6 9. Re1 Qd7 10. a4 O-O 11. Nf1 Bf5 12. Ng3 Bxd3 13. Qxd3 Rfe8 14. a5 a6 15. Bd2 Bxg3 16. hxg3 Qf5 17. Qe3 Qd7 18. b4 Nf5 19. Qd3 Nd6 20. Be3 Re4 21. Re2 Rae8 22. Rae1 Qe6 23. Nd2 Rg4 24. Bf4 Qd7 25. Bxd6 Rxe2 26. Qxe2 cxd6 27. Nf1 Re4 28. Qd2 Qe7 29. Re3 g6 30. f3 Re6 31. g4 Kf7 32. Rxe6 Qxe6 33. Kf2 Na7 34. g5 Nb5 35. gxf6 Qxf6 36. Ne3 Qh4+ 37. Kg1 Qf4 38. Qd3 Ke6 39. Kf2 Qh4+ 40. Ke2 Qf4 41. Kd2 Qg3 42. Qe2 Kd7 43. Nxd5 Qg5+ 44. Ne3 Na3 45. Kc1 Nc4 46. Qxc4 Qxe3+ 47. Kc2 Qf2+ 48. Kb3 Qxg2 49. Qf7+ Kc8 50. Qg8+ Kc7 51. Qxh7+ Kc8 52. Qh8+ Kc7 53. Qg7+ Kc8 54. Qf8+ Kc7 55. Qe7+ Kc6 56. d5+ Kxd5 57. Qe4# 1-0


[Site "https://www.chess.com"]

[Event "Titled Tuesday Blitz August 1 Late 2023"]
[White "Jorajuria Mendoza, Algol"]
[Black "Sun, Rick"]
[WhiteFideId "5128897"]
[BlackFideId "30909481"]
[WhiteElo "2389"]
[BlackElo "2604"]
[Result "1-0"]
[Round "8"]
[TimeControl "180+1"]
[Date "2023.08.01"]
[WhiteClock "0:01:06"]
[BlackClock "0:00:00"]
[Board "79"]

1. e4 e5 2. Nf3 Nc6 3. Bb5 a6 4. Ba4 Nf6 5. O-O Be7 6. Re1 b5 7. Bb3 d6 8. c3 O-O 9. h3 Na5 10. Bc2 d5 11. Nxe5 dxe4 12. d4 exd3 13. Qxd3 Bb7 14. Bg5 Qxd3 15. Nxd3 Rfe8 16. Nd2 Rad8 17. Rad1 c5 18. Bxf6 gxf6 19. Nf1 c4 20. Nf4 Bc5 21. Rxe8+ Rxe8 22. Ng3 Kh8 23. Ngh5 b4 24. Nxf6 Rc8 25. Rd7 b3 26. Rxf7 1-0


[Site "https://www.chess.com"]

[Event "Titled Tuesday Blitz August 1 Late 2023"]
[White "Vifleemskaia, Svetlana"]
[Black "Sivakumar, Shaashwath"]
[WhiteFideId "4129490"]
[BlackFideId "30912156"]
[WhiteElo "2379"]
[BlackElo "2582"]
[Result "1-0"]
[Round "8"]
[TimeControl "180+1"]
[Date "2023.08.01"]
[WhiteClock "0:00:19"]
[BlackClock "0:00:47"]
[Board "80"]

1. d4 d5 2. c4 c6 3. cxd5 cxd5 4. Bf4 Nc6 5. e3 f6 6. Nc3 e5 7. dxe5 fxe5 8. Bg3 Nf6 9. Nf3 d4 10. exd4 exd4 11. Qe2+ Be7 12. O-O-O O-O 13. Qc4+ Kh8 14. Nxd4 Qb6 15. Qb5 Nxd4 16. Qxb6 axb6 17. Rxd4 Bc5 18. Rd2 Bf5 19. Bd3 Be6 20. a3 Ng4 21. Ne4 Bd4 22. h3 Rfc8+ 23. Kb1 Ne5 24. Bc2 Nc6 25. Nd6 Rd8 26. Nf5 Bxf5 27. Bxf5 Rf8 28. Be4 Bc5 29. Rhd1 Na5 30. Bd5 h6 31. b4 Nc6 32. bxc5 Rxa3 33. Bxc6 bxc6 34. cxb6 Kh7 35. Rb2 Rfa8 36. b7 Ra1+ 37. Kc2 Rxd1 38. Kxd1 Rd8+ 39. Kc2 Rd5 40. b8=Q Rc5+ 41. Kd3 1-0


[Site "https://www.chess.com"]

[Event "Titled Tuesday Blitz August 1 Late 2023"]
[White "Perez, Maximiliano"]
[Black "Bach, Matthias"]
[WhiteFideId "117234"]
[BlackFideId "4603168"]
[WhiteElo "2547"]
[BlackElo "2373"]
[Result "1-0"]
[Round "8"]
[TimeControl "180+1"]
[Date "2023.08.01"]
[WhiteClock "0:00:16"]
[BlackClock "0:00:02"]
[Board "81"]

1. e4 e5 2. Nf3 Nc6 3. Bc4 Nf6 4. d3 d6 5. O-O Be6 6. Bxe6 fxe6 7. c3 Qd7 8. b4 Be7 9. Nbd2 O-O 10. a4 Nd8 11. a5 a6 12. c4 Nf7 13. Bb2 Nh5 14. g3 g6 15. d4 exd4 16. Nxd4 e5 17. N4f3 Bg5 18. Kg2 Qg4 19. Nxg5 Qxg5 20. Nf3 Qg4 21. Nd2 Nf4+ 22. Kh1 Ne2 23. Re1 Nxg3+ 24. fxg3 Qh3 25. Qf3 Ng5 26. Qg2 Qh5 27. Rf1 Nh3 28. Nf3 Rf7 29. Ng1 Ng5 30. Rxf7 Nxf7 31. Rf1 Ng5 32. Bc1 Ne6 33. Qf3 Qxf3+ 34. Nxf3 Rf8 35. Kg2 Kg7 36. Be3 h6 37. Nd2 Re8 38. Nb1 g5 39. Nc3 c6 40. Rd1 Rd8 41. c5 dxc5 42. Rxd8 Nxd8 43. Bxc5 Ne6 44. Na4 Kf7 45. Kf3 Ke8 46. Be3 Nc7 47. Nc5 Nb5 48. Nxb7 1-0


[Site "https://www.chess.com"]